AoeStats
← HK | Jai Guru Deva

African Clearing

510873135Analyzed
4v4 RM · 9h ago on Oct 2, 2026· 15m 35s· 8 players
Game mode
Random Map
Map size
Large (8 player)
Population
200
Speed
Normal
Resources
Standard
Victory
Conquest
Starting age
Dark Age
Ending age
Imperial Age
RankedLock teamsTeams togetherTeam positionsShared explorationLock speedFull tech treeHidden civsTurbo modeCheats
Victory
Defeat
🇨🇱 Hindustanis · Chile
1403
+14
🇮🇳 Maya · India
1295
+19
🇹🇷 Goths · Türkiye
1260
+20
🇨🇱 Muisca · Chile
1258
+20
🇲🇽 Varangians · Mexico
1403
-20
🇧🇷 Burgundians · Brazil
1357
-18
🇲🇽 Franks · Mexico
1350
-18
🇨🇦 Berbers · Canada
1333
-17
GermanIvk052008
robecha18
2:51 Loom
12:54 Feudal Age
14:47 Bloodlines
17:53 Castle Age
HK | Jai Guru Deva
13:12 Feudal Age
12:36 Loom
14:26 Double-Bit Axe
lucaspeixoto2584
13:42 Feudal Age
13:03 Double-Bit Axe
15:17 Bow Saw
Hundeknacker
16:05 Feudal Age
Sâhibü-s Seyf
12:50 Feudal Age
11:46 Loom
18:04 Castle Age
VedtheAssasin
7:59 Loom
8:05 Loom
13:48 Feudal Age
17:23 Castle Age
15:42 Double-Bit Axe
Kerjo
10:29 Loom
12:38 Feudal Age
13:24 Double-Bit Axe
14:57 Fletching
15:07 Padded Archer Armor
Connection lost

Rejoining the realm…

Still unreachable

The connection could not be restored.

Session expired

The server has moved on; the page needs a fresh start.